 Dungeon Crawl Stone Soup version 0.30-a0-385-gfebfb9b408 (webtiles) character file.

Game seed: 15024013416517502150

259 Hubris850 the Magician (level 5, -5/28 HPs)
             Began as a Deep Elf Fire Elementalist on Dec 2, 2022.
             Slain by a hornet (9 damage)
             ... while paralysed by a hornet
             ... on level 4 of the Dungeon.
             The game lasted 00:08:27 (3019 turns).

Hubris850 the Magician (Deep Elf Fire Elementalist) Turns: 3019, Time: 00:08:28

Health: -5/28      AC:  3    Str:  5    XL:     5   Next: 94%
Magic:  6/13       EV:  2    Int: 22    God:
Gold:   173        SH:  0    Dex: 15    Spells: 4/13 levels left

rFire   . . .      SeeInvis .    s - +1 short sword (drain)
rCold   . . .      Faith    .    (no shield)
rNeg    . . .      Spirit   .    a - +0 robe
rPois   .          Reflect  .    j - +0 helmet
rElec   .          Harm     .    g - scarf {repulsion}
rCorr   .          Rampage  .    (no gloves)
Will    .....                    (no boots)
Stlth   +++.......               (no amulet)
HPRegen 0.24/turn                (no ring)
MPRegen 0.13/turn                (no ring)

@: paralysed, slowed, repel missiles
A: no striking features
a: no special abilities


You were on level 4 of the Dungeon.
You visited 1 branch of the dungeon, and saw 6 of its levels.

You collected 173 gold pieces.

Inventory:

Hand Weapons
 e - a +0 dagger
 k - a +1 dagger of speed
 s - a +1 short sword of draining (weapon)
Armour
 a - a +0 robe (worn)
 g - a scarf of repulsion (worn)
 j - a +0 helmet (worn)
 r - the +1 leather armour "Xiept" {rElec}
   (You found it on level 6 of the Dungeon)

   rElec:     It insulates you from electricity.
Scrolls
 c - 2 scrolls of enchant armour {unknown}
 d - 2 scrolls of identify {unknown}
 f - a scroll of amnesia {unknown}
 h - a scroll of teleportation {unknown}
 n - a scroll of noise {unknown}
Potions
 b - a potion of magic
 i - a potion of brilliance {unknown}
 l - 2 potions of heal wounds {unknown}
 m - a potion of attraction {unknown}
 o - a potion of cancellation {unknown}
 p - a potion of curing {unknown}
 q - a potion of mutation {unknown}


   Skills:
 + Level 3.8 Dodging
 + Level 3.9 Stealth
 + Level 4.5 Spellcasting
 + Level 2.7 Conjurations
 + Level 4.3 Fire Magic
 + Level 1.7 Earth Magic


You had 4 spell levels left.
You knew the following spells:

 Your Spells              Type           Power      Damage    Failure   Level
a - Foxfire               Conj/Fire      80%        2x1d8     2%          1
b - Scorch                Fire           48%        2d7       2%          2
c - Kindle Blastsparks    Fire/Tloc/Air  22%        2d11      17%         3
d - Stone Arrow           Conj/Erth      28%        3d8       13%         3

Your spell library contained the following spells:

 Spells                   Type           Power      Damage    Failure   Level
 Inner Flame              Hex/Fire       14%        N/A       13%         3
 Flame Wave               Conj/Fire      20%        2d7       24%         4
 Animate Armour           Summ/Erth      16%        N/A       58%         4
 Lehudib's Crystal Spear  Conj/Erth      7%         10d3      100%        8


Dungeon Overview and Level Annotations

Branches:
Dungeon (6/15)             Temple (0/1) D:4

Altars:


Message History

You can't see any susceptible monsters within range! (Use Z to cast anyway.)
Found a glowing short sword.
Flames lash the goblin.
You kill the goblin!
You start resting.
Magic restored.
You see here a +0 club.
You see here a +1 short sword of draining.
s - a +1 short sword of draining You sense an unholy aura.
s - a +1 short sword of draining (weapon)
Found a staircase to the Ecumenical Temple.
Found a club.
Found a ring mail.
A kobold and a hobgoblin come into view.
The kobold is wielding a +0 short sword and quivering poisoned darts.
The kobold shouts!
Flames lash the kobold.
You kill the kobold!
You hear an angry buzzing noise.
Flames lash the hobgoblin.
You kill the hobgoblin!
You start resting.
A hornet comes into view.
Flames lash the hornet.
The hornet is lightly wounded.
The hornet's fire resistance burns away.
You hear a shout!
The hornet barely misses you.
An orc comes into view. It is wielding a +0 mace.
The hornet barely misses you.
Flames lash the hornet.
The hornet is burned terribly!
The hornet is moderately wounded.
The hornet stings you!
You suddenly lose the ability to move!
The hornet stings you.
You feel yourself slow down. The hornet stings you!
Ouch! That really hurt!
* * * LOW HITPOINT WARNING * * *
You feel as though you will be slow longer.
The hornet stings you!
You die...

... ...# ... # ...
##.. ..##...#
####).....##
##.8.#y.)....
#....@.[#
##8.>.8..# .
#........#
#.#o#.8.#..# .#
#...###.##...# .#
......#.# ##....#
#.......### ##..#
..###.....####..#
......##...#...###


You could see a hornet (combustible) and an orc.

Vanquished Creatures
  A bullfrog (D:6)
  A scorpion (D:5)
  A hound zombie (D:3)
  Robin (D:2)
  2 adders
  A gnoll (D:1)
  2 worms (D:2)
  A dart slug (D:1)
  2 orcs (D:3)
  5 bats
  4 endoplasms
  4 giant cockroaches
  13 goblins
  16 hobgoblins
  6 kobolds
  A quokka (D:2)
  5 ball pythons
  5 frilled lizards
  4 rats
75 creatures vanquished.

Vanquished Creatures (others)
  151 foxfires
  3 withered plants (D:3)
154 creatures vanquished.

Grand Total: 229 creatures vanquished

Notes
Turn   | Place    | Note
-------+----------+-------------------------------------------
     0 | D:1      | Hubris850 the Deep Elf Fire Elementalist began the quest
                  | for the Orb.
     0 | D:1      | Reached XP level 1. HP: 10/10 MP: 6/6
   218 | D:1      | Reached XP level 2. HP: 15/15 MP: 6/8
   223 | D:1      | Learned a level 2 spell: Scorch
   595 | D:1      | Reached XP level 3. HP: 19/19 MP: 3/9
   599 | D:1      | Learned a level 3 spell: Kindle Blastsparks
  1133 | D:2      | Learned a level 3 spell: Stone Arrow
  1136 | D:2      | Noticed Robin
  1141 | D:2      | Killed Robin
  1142 | D:2      | Reached XP level 4. HP: 24/24 MP: 4/11
  2531 | D:3      | Reached skill level 1 in Earth Magic
  2733 | D:3      | You fall into a shaft and drop 3 floors!
  2747 | D:6      | Identified the +1 leather armour "Xiept" {rElec}
  2749 | D:6      | Noticed a bullfrog
  2756 | D:6      | Killed a bullfrog
  2757 | D:6      | Reached XP level 5. HP: 28/28 MP: 7/13
  2801 | D:5      | Entered Level 5 of the Dungeon
  2902 | D:5      | Noticed a centaur
  3004 | D:4      | Found a staircase to the Ecumenical Temple.
  3015 | D:4      | Noticed a hornet
  3017 | D:4      | Paralysed by a hornet for 3 turns
  3019 | D:4      | Slain by a hornet

Illustrated notes

Levels and vault maps discovered:
D:1:      sevenhm_arrival_forest_fort_small_6, layout_rooms
D:2:      layout_basic, uniq_robin
D:3:      layout_basic, serial_undead, serial_undead_c, serial_undead_c,
          serial_undead_f, serial_undead_e
D:4:      layout_rooms, minmay_temple_entry_statues_pillars,
          hangedman_decor_peaks_small
D:5:      kb_forest_paths, layout_basic, serial_glass, glass_columns_a,
          glass_columns_a, glass_columns_a, glass_columns_a, glass_columns_a,
          glass_columns_a, serial_shops, nicolae_shop_bloodbath_and_beyond,
          st_stairs_11
D:6:      layout_cave_pods, overflow_temple_1_default,
          mainiacjoe_overflow_small_starburst, serial_column_ruins,
          column_ruins_corridor_dead_end, column_ruins_grid_4,
          column_ruins_open_small, column_ruins_open_tiny,
          column_ruins_open_tiny, nicolae_shop_sticking_my_neck_out,
          uniq_maggie, uniq_edmund, uniq_grinder

Skill      XL: |  1  2  3  4 |
---------------+-------------+-----
Stealth        | 3 |  3.9
Dodging        | 3 |  3.8
Conjurations   | 2 |  2.7
Spellcasting   | 4 |  4.5
Fire Magic     | 4 |  4.3
Earth Magic    | 1 |  1.7

Action                   |  1- 3 |  4- 6 || total
-------------------------+-------+-------++-------
Melee: Dagger            |       |    15 ||    15
 Cast: Foxfire           |    30 |    56 ||    86
       Scorch            |    18 |    16 ||    34
       Kindle Blastspark |     2 |       ||     2
Armor: Robe              |     1 |     4 ||     5
Dodge: Dodged            |     2 |    14 ||    16

Table legend: (Time is in decaauts)
 A = Elapsed time spent in this place.
 B = Non-inter-level travel time spent in this place.
 C = Inter-level travel time spent in this place.
 D = Time resting spent in this place.
 E = Time spent auto-exploring this place.
 F = Levels seen in this place.
 G = Mean time per level.
                   A        B        C        D        E       F      G
               +--------+--------+--------+--------+--------+-----+--------+
         Total |   3011 |   2993 |     18 |    413 |   2074 |   6 |  501.8 |
       Dungeon |   3011 |   2993 |     18 |    413 |   2074 |   6 |  501.8 |
               +--------+--------+--------+--------+--------+-----+--------+

Top non-repeatable levels by time:
     D:2: 1303 daAuts
     D:1: 834 daAuts
     D:3: 589 daAuts
     D:5: 108 daAuts
     D:4: 108 daAuts
     D:6: 67 daAuts
